 Dungeon Crawl Stone Soup version 0.16.0-6-gad6103a (webtiles) character file.

85 Trench the Conjurer (level 4, 0/33 HPs)
             Began as a Demigod Conjurer on Mar 15, 2015.
             Slain by a hobgoblin
             ... wielding a +0 club
             ... led by Robin
              (5 damage)
             ... on level 2 of the Dungeon.
             The game lasted 00:08:29 (2673 turns).

Trench the Conjurer (Demigod Conjurer)              Turns: 2673, Time: 00:08:32

Health: 0/33       AC:  3    Str: 11    XL:     4   Next: 5%
Magic:  10/10      EV: 12    Int: 26    God:
Gold:   98         SH:  0    Dex: 16    Spells: 3 memorised, 1 level left

rFire  . . .     SeeInvis .     d - +2 short sword (vamp)
rCold  . . .     Clarity  .     a - +0 robe
rNeg   . . .     SustAb   +     (no shield)
rPois  .         Gourm    .     (no helmet)
rElec  .         Spirit   .     (no cloak)
rCorr  .         Warding  .     (no gloves)
rMut   .         Stasis   .     b - +0 pair of boots
MR     .....                    (no amulet)
Stlth  ++........               (no ring)
                                (no ring)

@: brilliant, lethally poisoned (0 -> -13), very slightly contaminated, hasted,
very quick, not resistant to hostile enchantments, unstealthy
A: sustain abilities
a: no special abilities


You were on level 2 of the Dungeon.
You were hungry.

You visited 1 branch of the dungeon, and saw 3 of its levels.

You collected 98 gold pieces.

Inventory:

Hand weapons
 d - a +2 vampiric short sword (weapon)
Armour
 a - a +0 robe (worn)
 b - a +0 pair of boots (worn)
Scrolls
 k - a scroll of teleportation
Potions
 g - a potion of might {unknown}
Books
 c - a book of Conjurations

   Spells                             Type                      Level
   a - Magic Dart                     Conjuration                  1
   b - Searing Ray                    Conjuration                  2
   c - Dazzling Spray                 Conjuration/Hexes            3
   d - Fulminant Prism                Conjuration/Hexes            4
   e - Iskenderun's Mystic Blast      Conjuration                  4
   f - Iskenderun's Battlesphere      Conjuration/Charms           5
Comestibles
 f - a beef jerky
 l - a chunk of flesh
 m - a bread ration


   Skills:
 * Level 0.6 Short Blades
 - Level 1.7 Dodging
 - Level 1.7 Stealth
 * Level 2.3 Spellcasting
 * Level 4.8 Conjurations


You had one spell level left.
You knew the following spells:

 Your Spells              Type           Power        Failure   Level  Hunger
a - Magic Dart            Conj           ####         1%          1    None
b - Searing Ray           Conj           #####.       1%          2    ##.....
c - Dazzling Spray        Conj/Hex       ####....     1%          3    ###....


Dungeon Overview and Level Annotations

Branches:
Dungeon (3/15)

Annotations:
D:2 Robin


Innate Abilities, Weirdness & Mutations

Your attributes are resistant to harm.


Message History

The goblin closely misses you.
Unknown command.
Drink which item? (? for menu, Esc to quit)
It was a potion of haste.
You feel yourself speed up. Robin closely misses you.
The hobgoblin closely misses you.
You are very lightly contaminated with residual magic.
Drink which item? (? for menu, Esc to quit)
It was a potion of brilliance.
You feel clever all of a sudden. The goblin barely misses you.
The goblin hits you but does no damage. The hobgoblin barely misses you.
Robin completely misses you. The hobgoblin barely misses you.
Drink which item? (? for menu, Esc to quit)
It was a potion of poison.
That liquid tasted very nasty...
You are lethally poisoned!
* * * LOW HITPOINT WARNING * * *
You feel sick.
The goblin is no longer blind.
The hobgoblin hits you with a club.
You die...

####.######.......#.#
##..........#.......##
##.#.#########.......## ##.#.#
##.......######## .....#
#..............# ##.#####
#.......)......# .......#
##......#.#####.# ##.###.#
##.ggg..##.# #.#
##.###.######..†@†####.#####.#
##.........#...gg..###.##....#
##.#...###..........##.#...#.#
................<...'........#
##.....###..........##.#...#.#
.......# #.#.......###.......#
##.###.# #.##.....## #####.###
#.###.###.###...## #.#
#.........# ##+## #.#


You could see Robin (blind), 2 hobgoblins and 2 goblins.

Vanquished Creatures
  3 adders (D:2)
  2 worms (D:2)
  2 giant geckos (D:1)
  10 hobgoblins
  5 jackals
  2 kobolds
  8 bats
  7 goblins
  2 rats (D:1)
41 creatures vanquished.

Notes
Turn   | Place    | Note
--------------------------------------------------------------
     0 | D:1      | Trench, the Demigod Conjurer, began the quest for the Orb.
     0 | D:1      | Reached XP level 1. HP: 14/14 MP: 3/3
   266 | D:1      | Reached skill level 4 in Conjurations
   452 | D:1      | Reached XP level 2. HP: 20/20 MP: 2/4
   585 | D:1      | Learned a level 2 spell: Searing Ray
  1287 | D:2      | Reached XP level 3. HP: 14/26 MP: 0/8
  1670 | D:2      | Found a white marble altar of Elyvilon.
  2323 | D:2      | Learned a level 3 spell: Dazzling Spray
  2603 | D:2      | Reached XP level 4. HP: 33/33 MP: 3/10
  2665 | D:3      | Noticed Robin
  2673 | D:2      | Slain by a hobgoblin

Action                   |  1- 3 |  4- 6 || total
-------------------------+-------+-------++-------
Melee: Unarmed           |    13 |       ||    13
       Short sword       |     2 |     1 ||     3
 Cast: Magic Dart        |    73 |     1 ||    74
       Searing Ray       |     6 |       ||     6
       Dazzling Spray    |       |     2 ||     2
  Use: Scroll            |     2 |     1 ||     3
       Potion            |       |     4 ||     4
  Eat: Chunk             |     6 |       ||     6
       Bread ration      |     1 |       ||     1
